 Dungeon Crawl Stone Soup version 0.22-b1-26-g9dbaab1 (webtiles) character file.

64 Doobh the Sneak (level 4, 0/29 HPs)
             Began as a Kobold Assassin on Aug 7, 2018.
             Succumbed to a goblin's poison
             ... on level 2 of the Dungeon.
             The game lasted 00:06:01 (1518 turns).

Doobh the Sneak (Kobold Assassin)                   Turns: 1518, Time: 00:06:02

Health: 0/29       AC:  3    Str:  8    XL:     4   Next: 32%
Magic:  4/4        EV: 15    Int: 14    God:
Gold:   87         SH:  0    Dex: 17    Spells: 3/3 levels left

rFire    . . .     SeeInvis .   i - +1 dagger (venom)
rCold    . . .     Gourm    .   (shield restricted)
rNeg     . . .     Faith    .   c - +0 robe
rPois    .         Spirit   .   (no helmet)
rElec    .         Reflect  .   d - +0 cloak
rCorr    .         Harm     .   (no gloves)
MR       .....                  (no boots)
Stlth    +++.......             (no amulet)
HPRegen  0.09/turn              (no ring)
MPRegen  0.09/turn              (no ring)

@: lethally poisoned (0 -> -2)
A: small, carnivore, clever 1, deterioration 2, robust 1
a: no special abilities


You were on level 2 of the Dungeon.
You were very full.

You visited 1 branch of the dungeon, and saw 2 of its levels.

You collected 87 gold pieces.

Inventory:

Hand Weapons
 a - a +2 dagger
 b - a +0 blowgun
 i - a +1 dagger of venom (weapon)
Missiles
 e - 12 poisoned needles
 f - 2 curare-tipped needles
Armour
 c - a +0 robe (worn)
 d - a +0 cloak (worn)
Scrolls
 j - 6 scrolls of remove curse
Comestibles
 g - 4 rations


   Skills:
 + Level 2.9 Fighting
 + Level 3.4 Short Blades
 + Level 2.8 Throwing
 + Level 2.2 Dodging
 + Level 5.9 Stealth


You had 3 spell levels left.
You didn't know any spells.
Your spell library contained the following spells:

 Spells                   Type           Power        Failure   Level  Hunger
 Spider Form              Tmut/Pois      #.........   65%         3    ####...
 Blade Hands              Tmut           #.........   100%        5    ######.
 Ice Form                 Ice/Tmut       #.......     96%         4    #####..
 Sticks to Snakes         Tmut           #.......     41%         2    ###....
 Beastly Appendage        Tmut           #.....       28%         1    ##.....


Dungeon Overview and Level Annotations

Branches:
Dungeon (2/15)

Altars:


Innate Abilities, Weirdness & Mutations

You are small and have problems with some larger weapons.
You are carnivorous and can eat meat at any time.
Your mind is acute. (Int +2)
Your body often deteriorates upon taking damage.
You are robust. (+10% HP)


Message History

You feel sick.
Items here: )) ? † a club; a scroll labeled APEOZI ORHAM; a dagger; a goblin corpse
* * * LOW HITPOINT WARNING * * *
You feel sick.
Found an escape hatch in the floor.
Your surroundings suddenly seem different.
* * * LOW HITPOINT WARNING * * *
You feel sick.
* * * LOW HITPOINT WARNING * * *
You feel sick.
* * * LOW HITPOINT WARNING * * *
You feel sick.
* * * LOW HITPOINT WARNING * * *
You feel sick.
* * * LOW HITPOINT WARNING * * *
You feel sick.
* * * LOW HITPOINT WARNING * * *
You feel sick.
You die...

......#.........# #.###.# *,,,,
.####.#.........####.###.####,,,,
..)##.#...............##.##.###**
##.....)....###.......##.##.#.###
####.#.....###.......##..#.#.#..
#####)................###...#...#
(...)..(..............####...#..#
##...........##...............)..
######......##.@.....###....÷...
#......##.......# ##..##..#
#..>.>..........###.......#
###......####.##....###...#
#......# #.#..#### #....
###...### #...## #...#
##....###.### ##..# #..........#
#### #......)...#


There were no monsters in sight!

Vanquished Creatures
  An adder (D:2)
  2 worms (D:2)
  A leopard gecko (D:2)
  5 bats (D:1)
  A giant cockroach (D:1)
  6 hobgoblins
  2 jackals (D:1)
  2 kobolds
  2 frilled lizards
  16 goblins
  4 rats
42 creatures vanquished.

Notes
Turn   | Place    | Note
-------+----------+-------------------------------------------
     0 | D:1      | Doobh the Kobold Assassin began the quest for the Orb.
     0 | D:1      | Reached XP level 1. HP: 12/12 MP: 1/1
   184 | D:1      | Reached XP level 2. HP: 18/18 MP: 2/2
   604 | D:1      | Reached XP level 3. HP: 22/22 MP: 3/3
  1161 | D:2      | Reached XP level 4. HP: 13/27 MP: 4/4
  1491 | D:2      | Gained mutation: Your mind is acute. (Int +2) [potion of mutation]
  1491 | D:2      | Gained mutation: Your body sometimes deteriorates upon taking damage. [potion of mutation]
  1491 | D:2      | Gained mutation: Your body often deteriorates upon taking damage. [potion of mutation]
  1491 | D:2      | Gained mutation: You are robust. (+10% HP) [potion of mutation]
  1510 | D:2      | HP: 1/29 [poisoned by a goblin]
  1518 | D:2      | Succumbed to a goblin's poison

Skill      XL: |  1  2  3 |
---------------+----------+-----
Short Blades   | 3 |  3.4
Dodging        | 2 |  2.2
Fighting       | |  2.9
Throwing       | |  2.8
Stealth        | |  5.9

Action                   |  1- 3 |  4- 6 || total
-------------------------+-------+-------++-------
Melee: Dagger            |   103 |    32 ||   135
 Fire: Blowgun           |    12 |       ||    12
  Use: Scroll            |     4 |     3 ||     7
       Potion            |     1 |     2 ||     3
 Stab: Sleeping          |     8 |     1 ||     9
  Eat: Chunk             |     9 |       ||     9
Armor: Robe              |    18 |     1 ||    19
Dodge: Dodged            |    63 |    19 ||    82
